AoeStats
← Master Zio

Arena

509669370Analyzed
1v1 RM · 4d ago on Sep 27, 2026· 62m 31s· 2 players
Game mode
Random Map
Map size
Tiny (2 player)
Population
200
Speed
Normal
Resources
Standard
Victory
Conquest
Starting age
Dark Age
Ending age
Imperial Age
RankedLock teamsTeams togetherTeam positionsShared explorationLock speedFull tech treeHidden civsTurbo modeCheats
Victory
Defeat
🇦🇷 Vietnamese · Argentina
904
+16
🇫🇷 Japanese · France
914
-16
Master Zio
1:21 Loom
11:44 Feudal Age
12:11 Double-Bit Axe
16:09 Castle Age
14:36 Gold Mining
18:16 Horse Collar
18:55 Bow Saw
24:21 Wheelbarrow
24:21 Heavy Plow
25:48 Hand Cart
29:00 Imperial Age
29:32 Fletching
29:42 Padded Archer Armor
30:10 Block Printing
34:26 Chemistry
33:36 Fortified Wall
37:09 Leather Archer Armor
36:49 Bodkin Arrow
37:00 Scale Barding Armor
38:01 Husbandry
39:32 Bloodlines
38:43 Light Cavalry
39:53 Cavalier
42:26 Paper Money
42:34 Ballistics
42:12 Bodkin Arrow
42:48 Ring Archer Armor
44:28 Bracer
50:04 Two-Man Saw
51:27 Chain Barding Armor
55:15 Elite Rattan Archer
59:56 Plate Barding Armor
C@$}{
11:07 Feudal Age
9:24 Loom
12:24 Double-Bit Axe
12:33 Gold Mining
12:26 Horse Collar
12:38 Stone Mining
20:16 Castle Age
19:41 Forging
22:47 Wheelbarrow
22:16 Heavy Plow
22:53 Bow Saw
23:25 Scale Mail Armor
24:03 Town Watch
25:12 Chain Mail Armor
25:48 Gold Shaft Mining
25:35 Hand Cart
27:28 Iron Casting
28:00 Padded Archer Armor
27:51 Fletching
32:29 Imperial Age
30:40 Murder Holes
30:57 Masonry
35:36 Blast Furnace
37:52 Chemistry
37:25 Plate Mail Armor
37:12 Leather Archer Armor
36:53 Bodkin Arrow
37:23 Fortified Wall
38:33 Conscription
38:37 Kataparuto
39:18 Town Patrol
39:02 Treadmill Crane
39:39 Bracer
41:03 Two-Man Saw
41:22 Ring Archer Armor
44:35 Elite Samurai
48:08 Arrowslits
48:30 Siege Engineers
48:47 Ballistics
50:12 Yasama
50:47 Hoardings
50:47 Caravan
51:25 Coinage
Connection lost

Rejoining the realm…

Still unreachable

The connection could not be restored.

Session expired

The server has moved on; the page needs a fresh start.